 Dungeon Crawl Stone Soup version 0.19-a0-996-g3cba913 (webtiles) character file.

1075 Musica the Magician (level 8, -3/52 HPs)
             Began as a Demonspawn Fire Elementalist on July 17, 2016.
             Was an Initiate of Qazlal.
             Shot with an arrow by a centaur (10 damage)
             ... on level 5 of the Dungeon.
             The game lasted 00:33:40 (5638 turns).

Musica the Magician (Demonspawn Fire Elementalist)  Turns: 5638, Time: 00:33:41

Health: -3/52      AC:  3    Str: 12      XL:     8   Next: 8%
Magic:  3/16       EV: 12    Int: 16 (19) God:    Qazlal [......]
Gold:   224        SH:  0    Dex: 13 (14) Spells: 3 memorised, 12 levels left

rFire  . . .     SeeInvis +     F - +0 trident (pierce)
rCold  . . .     Gourm    .     a - +0 robe
rNeg   . . .     Faith    .     (no shield)
rPois  .         Spirit   .     (helmet unavailable)
rElec  .         Dismiss  .     t - +0 cloak
rCorr  .         Reflect  .     (no gloves)
SustAt .         Harm     .     (no boots)
MR     .....                    (no amulet)
Stlth  ++........               (no ring)
                                g - +4 ring of strength

@: not resistant to hostile enchantments, unstealthy
A: antennae 3, claws 2, talons 1, deterioration 1, spiny 1, wild magic 1,
MP-powered wands
a: Renounce Religion


You were on level 5 of the Dungeon.
You worshipped Qazlal.
Qazlal was noncommittal.
You were hungry.

You visited 2 branches of the dungeon, and saw 7 of its levels.
You also visited: Sewer.

You collected 269 gold pieces.
You spent 45 gold pieces at shops.

Inventory:

Hand Weapons
 k - a +1 spear
 F - a +0 trident of piercing (weapon)
Missiles
 i - 55 arrows
 j - 5 javelins (quivered)
 l - 21 bolts
 z - 9 tomahawks
Armour
 a - a +0 robe (worn)
 t - a +0 cloak (worn)
Jewellery
 g - a +4 ring of strength (left claw)
 y - an uncursed amulet of dismissal
Wands
 u - a wand of enslavement (15/24)
 v - a wand of iceblast (9/15)
 A - a wand of digging (2/24)
 B - a wand of polymorph (6/24)
Scrolls
 n - a scroll of amnesia
 o - a scroll of blinking
 r - 2 scrolls of enchant weapon
 s - 8 scrolls of identify
 w - 3 scrolls of remove curse
 C - a scroll of magic mapping
 E - a scroll of teleportation
Potions
 e - 3 potions of agility
 f - a potion of haste
 h - a potion of flight
 m - 4 potions of brilliance
 p - 6 potions of curing
Books
 b - a book of Flames

   Spells                             Type                      Level
   a - Flame Tongue                   Conjuration/Fire             1
   b - Throw Flame                    Conjuration/Fire             2
   c - Conjure Flame                  Conjuration/Fire             3
   d - Inner Flame                    Hexes/Fire                   3
   e - Sticky Flame                   Conjuration/Fire             4
   f - Fireball                       Conjuration/Fire             5
Comestibles
 c - 7 bread rations
 d - 3 meat rations
 q - a beef jerky
 x - 2 fruits


   Skills:
 + Level 1.5 Throwing
 - Level 1.7 Dodging
 - Level 1.7 Stealth
 * Level 5.5 Spellcasting
 + Level 5.4 Conjurations
 + Level 5.0 Fire Magic
 * Level 0.3 Invocations


You had 12 spell levels left.
You knew the following spells:

 Your Spells              Type           Power        Failure   Level  Hunger
a - Flame Tongue          Conj/Fire      ####.        2%          1    None
b - Throw Flame           Conj/Fire      ####..       4%          2    #......
c - Conjure Flame         Conj/Fire      ####....     10%         3    ###....


Dungeon Overview and Level Annotations

Branches:
Dungeon (6/15)             Temple (1/1) D:5

Altars:
Ashenzari
Cheibriados
Dithmenos
Elyvilon
Fedhas
Kikubaaqudgha
Makhleb
Nemelex Xobeh
Okawaru
Pakellas
Qazlal
Ru
Sif Muna
Uskayaw
Xom
Yredelemnul
The Shining One

Shops:
D:4 :   D:5 *


Innate Abilities, Weirdness & Mutations

You have a pair of large antennae on your head. (SInv)
You have very sharp fingernails.
You have sharp toenails.
You are partially covered in sharp spines.
Your body sometimes deteriorates upon taking damage.
Your spells are a little harder to cast, but a little more powerful.
You expend magic power (3 MP) to strengthen your wands.


Message History

The centaur is severely wounded.
The centaur shoots an arrow.
The arrow barely misses you.
The centaur shoots an arrow.
The arrow hits you!
* * * LOW HITPOINT WARNING * * *
Casting: Throw Flame
Confirm with . or Enter, or press ? or * to list all spells.
Aiming: Throw Flame
Press: ? - help, Shift-Dir - straight line, f/p - centaur
Aim: a centaur, wielding a shortbow (severely wounded)
The puff of flame hits the centaur.
The centaur is almost dead.
The centaur shoots an arrow.
The arrow misses you.
Casting: Throw Flame
Confirm with . or Enter, or press ? or * to list all spells.
Aiming: Throw Flame
Press: ? - help, Shift-Dir - straight line, f/p - centaur
Aim: a centaur, wielding a shortbow (almost dead)
The puff of flame misses the centaur.
The centaur shoots an arrow.
The arrow hits you!
You die...

.########### #........÷).'......
.##############........####......
.#............##.......# #.#####
.#....... ........####### ### #
.#....%.................# ###
.'†........##....######.##### #.)
##...####...................###..
......#>...........c...........
#####.##.....(@....##.######.#.
......(......##'######.##
#..................##...
##.................#####
#######...#.......#####
##########...#............
.......<##...#............
##########...#..>........#
#...#...........#


You could see a centaur.

Vanquished Creatures
  3 ogres (D:5)
  A big kobold (Sewer)
  2 howler monkeys
  3 crimson imps (D:5)
  A giant frog zombie (D:5)
  A hound (D:4)
  An orc priest (D:3)
  2 orc wizards (D:4)
  Natasha (thrice) (D:4)
  A worker ant (D:4)
  4 gnolls (D:3)
  A worker ant zombie (D:5)
  5 adders
  5 river rats
  A shadow imp (D:5)
  3 oozes (Sewer)
  3 worms
  5 giant geckos
  16 orcs
  12 bats
  6 giant cockroaches
  8 goblins
  8 hobgoblins
  9 jackals
  22 kobolds
  4 quokkas
  6 ball pythons
  8 giant newts
  A quokka skeleton (D:4)
  28 rats
173 creatures vanquished.

Notes
Turn   | Place    | Note
-------+----------+-------------------------------------------
     0 | D:1      | Musica the Demonspawn Fire Elementalist began the quest for the Orb.
     0 | D:1      | Reached XP level 1. HP: 13/13 MP: 3/3
   170 | D:1      | Gained mutation: You have a pair of small antennae on your head. [demonic ancestry]
   170 | D:1      | Reached XP level 2. HP: 17/19 MP: 3/5
   702 | D:2      | Gained mutation: You have a pair of antennae on your head. [demonic ancestry]
   702 | D:2      | Reached XP level 3. HP: 16/24 MP: 0/6
   836 | D:2      | Learned a level 2 spell: Throw Flame
   840 | D:2      | Learned a level 3 spell: Conjure Flame
  1378 | D:2      | Found a sparkling altar of Nemelex Xobeh.
  1744 | D:3      | Gained mutation: You have sharp fingernails. [demonic ancestry]
  1744 | D:3      | Reached XP level 4. HP: 30/30 MP: 5/7
  1979 | D:4      | Gained mutation: You are partially covered in sharp spines. [demonic ancestry]
  1979 | D:4      | Reached XP level 5. HP: 35/35 MP: 4/9
  2033 | D:4      | Found a glowing drain.
  2038 | Sewer    | Entered a sewer
  2620 | Sewer    | Gained mutation: You expend magic power (3 MP) to strengthen your wands. [potion of mutation]
  2620 | Sewer    | Gained mutation: Your spells are a little harder to cast, but a little more powerful. [potion of mutation]
  2620 | Sewer    | Gained mutation: Your body sometimes deteriorates upon taking damage. [potion of mutation]
  2784 | Sewer    | Gained mutation: You have a pair of large antennae on your head. (SInv) [demonic ancestry]
  2784 | Sewer    | Reached XP level 6. HP: 37/41 MP: 3/11
  3746 | D:5      | Entered Level 5 of the Dungeon
  3971 | D:4      | Reached skill level 1 in Throwing
  3997 | D:4      | Gained mutation: You have sharp toenails. [demonic ancestry]
  3997 | D:4      | Reached XP level 7. HP: 43/46 MP: 1/13
  4356 | D:4      | Noticed Natasha
  4359 | D:4      | Killed Natasha
  4443 | D:4      | Found Bamo Warr's Book Boutique.
  4449 | D:4      | Found a shimmering altar of Xom.
  4449 | D:4      | Found a shimmering altar of Xom.
  4450 | D:4      | Found a shimmering altar of Xom.
  4481 | D:4      | Found a shimmering altar of Xom.
  4481 | D:4      | Found a shimmering altar of Xom.
  4586 | D:4      | Noticed Natasha
  4591 | D:4      | Killed Natasha
  4607 | D:4      | Noticed Natasha
  4610 | D:4      | Killed Natasha
  4692 | D:5      | Found Piw Atuo's General Store.
  4704 | D:5      | Reached skill level 5 in Conjurations
  4803 | D:5      | Bought a scroll of magic mapping for 45 gold pieces
  5073 | D:5      | Found a white marble altar of Elyvilon.
  5145 | D:5      | Reached skill level 5 in Spellcasting
  5149 | D:5      | Reached skill level 5 in Fire Magic
  5207 | D:5      | Gained mutation: You have very sharp fingernails. [demonic ancestry]
  5207 | D:5      | Reached XP level 8. HP: 47/52 MP: 6/16
  5249 | D:5      | Found a staircase to the Ecumenical Temple.
  5273 | Temple   | Entered the Ecumenical Temple
  5498 | Temple   | Became a worshipper of Qazlal Stormbringer
  5638 | D:5      | Shot with an arrow by a centaur

Vault maps used:
D:1:      grunt_arrival_crossed_arrows, minivault_11
D:2:      lemuel_doored_altar, minmay_tripent
D:3:      first_bread
D:4:      gup_sewer_entry_bowl, serial_shops, shop, kennysheep_cross_room,
          xom_redecorated, uniq_natasha
D:5:      nicolae_overflow_crystal_walls, serial_shops,
          nicolae_shop_temple_entry_statues_fountains
D:6:      grunt_temple_overflow_open
Temple:   dpeg_chambers_temple
Sewer:    sewer_minmay_treatment

Skill      XL: |  1  2  3  4  5  6  7 |
---------------+----------------------+-----
Conjurations   | 2 3 4 5 |  5.4
Fire Magic     | 3 4 5 |  5.0
Spellcasting   | 3 4 5 |  5.5
Throwing       | 1 |  1.5
Dodging        | |  1.7
Stealth        | |  1.7
Invocations    | |  0.3

Action                   |  1- 3 |  4- 6 |  7- 9 || total
-------------------------+-------+-------+-------++-------
Melee: Spear             |    54 |     8 |       ||    62
       Unarmed           |     1 |       |       ||     1
       Falchion          |       |    30 |    12 ||    42
       Trident           |       |       |    11 ||    11
       Kick              |       |       |     5 ||     5
Throw: Javelin           |     1 |    23 |     4 ||    28
 Cast: Flame Tongue      |    73 |   155 |    59 ||   287
       Conjure Flame     |     1 |     3 |     4 ||     8
       Throw Flame       |       |     2 |     7 ||     9
  Use: Scroll            |     8 |     3 |     1 ||    12
       Potion            |       |    10 |     1 ||    11
 Stab: Sleeping          |     2 |     1 |       ||     3
  Eat: Chunk             |     3 |     4 |     5 ||    12
       Meat ration       |       |     1 |       ||     1
Armor: Robe              |    17 |    10 |     5 ||    32
Dodge: Dodged            |    47 |    57 |    21 ||   125
